 Dungeon Crawl Stone Soup version 0.18-a0-1273-g8ec5f8e (webtiles) character file.

95919 namelastname112 the Marksdraconian (level 15, -2/138 HPs)
             Began as a Red Draconian Hunter on Feb 7, 2016.
             Was an Initiate of Gozag.
             Slain by a white ugly thing (20 damage)
             ... on level 15 of the Dungeon.
             The game lasted 01:23:47 (35124 turns).

namelastname112 the Marksdraconian (DrHu)          Turns: 35124, Time: 01:24:13

Health: -2/138     AC: 16    Str: 18 (20) XL:     15   Next: 67%
Magic:  15/15      EV: 22    Int:  8      God:    Gozag
Gold:   4067       SH:  0    Dex: 19      Spells: 0 memorised, 14 levels left

rFire  + . .     SeeInvis .     b - +7 Singing Sword
rCold  . . .     Gourm    .     (armour unavailable)
rNeg   . . .     Faith    .     (no shield)
rPois  +         Spirit   .     D - +0 hat {MR+}
rElec  .         Dismiss  .     K - +2 cloak
rCorr  .         Reflect  .     i - +0 pair of gloves
SustAt .         Harm     .     W - +2 pair of boots
MR     +++..                    (no amulet)
Stlth  ++........               P - +3 ring of strength
                                q - ring of poison resistance

@: short of breath, slowed, very slow, extremely resistant to hostile
enchantments, unstealthy
A: breathe fire, unfitting armour, claws 1, blink, deterioration 1, dopey 1,
fire resistance 1, magic resistance 1, strong 1, no device heal 1, cold-blooded,
AC +9
a: Breathe Fire, Blink, Potion Petition, Call Merchant, Bribe Branch, Renounce
Religion


You were on level 15 of the Dungeon.
You worshipped Gozag.
Gozag was noncommittal.
You were very hungry.

You visited 4 branches of the dungeon, and saw 26 of its levels.
You also visited: Sewer.

You collected 10619 gold pieces.
You spent 58 gold pieces at shops.
You paid 6187 gold pieces to Gozag.

Inventory:

Hand Weapons
 a - a +0 longbow
 b - the +7 Singing Sword (weapon)
   (You found it on level 6 of the Dungeon)
 t - a +0 shortbow of freezing
Missiles
 c - 452 arrows
 p - 27 arrows of dispersal
 s - 14 curare-tipped needles
 v - 18 arrows of frost
Armour
 i - a +0 pair of gloves (worn)
 D - a +0 hat of magic resistance (worn)
 K - a +2 cloak (worn)
 W - a +2 pair of boots (worn)
Jewellery
 e - an uncursed ring of see invisible {unknown}
 q - a ring of poison resistance (left hand)
 E - an uncursed ring of flight {unknown}
 P - a +3 ring of strength (right hand)
Wands
 k - a wand of lightning (5/15)
 n - a wand of heal wounds (2/9)
 y - a wand of random effects (12/48)
 A - a wand of acid (9/15)
 F - a wand of hasting (2/9)
 I - a wand of digging (18/24)
 N - a wand of acid (1/15)
 O - a wand of iceblast (5/15)
 Q - a wand of digging (6/24)
 R - a wand of digging (8/24)
 T - a wand of hasting (5/9)
 V - a wand of iceblast (7/15)
 X - a wand of acid (7/15)
Scrolls
 g - a scroll of teleportation
 j - 5 scrolls of blinking
 l - 2 scrolls of fear
 B - 6 scrolls of remove curse
 H - a scroll of magic mapping
 L - a scroll of recharging
 M - a scroll of identify
 Z - 3 scrolls of fog
Potions
 f - 7 potions of curing
 m - 4 potions of haste
 r - 7 potions of brilliance
 u - 2 potions of magic
 w - 3 potions of heal wounds
 x - a potion of might
 z - a potion of agility
 C - a potion of invisibility
 G - 3 potions of berserk rage
 J - 5 potions of flight
Miscellaneous
 o - a phial of floods
Comestibles
 d - 11 bread rations
 h - 6 meat rations


   Skills:
 + Level 14.1 Fighting
 + Level 12.0 Long Blades
 * Level 16.3 Bows
 + Level 12.1 Dodging
 - Level 0.8 Stealth


You had 14 spell levels left.
You didn't know any spells.

Dungeon Overview and Level Annotations

Branches:
Dungeon (15/15)            Temple (1/1) D:4            Lair (8/8) D:8
 Shoals (0/4) Lair:6       Spider (0/4) Lair:3        Slime (0/6) Lair:8
    Orc (2/2) D:11            Elf (0/3) Orc:2        Vaults (0/5) D:13
 Depths: D:15

Altars:
Ashenzari
Cheibriados
Dithmenos
Elyvilon
Fedhas
Gozag
Kikubaaqudgha
Makhleb
Nemelex Xobeh
Okawaru
Pakellas
Qazlal
Ru
Sif Muna
Trog
Vehumet
Xom
Yredelemnul
Zin
The Shining One
Beogh

Shops:
D:8 =   D:9 *   D:11 *   D:15 [   Orc:2 ?:(?   Lair:1 **==[((


Innate Abilities, Weirdness & Mutations

You can breathe blasts of fire.
Your fiery red scales are hard (AC +9).
Your body does not fit into most forms of armour.
Your flesh is heat resistant.
You are cold-blooded and may be slowed by cold attacks.
You have sharp fingernails.
You can translocate small distances at will.
Your body sometimes deteriorates upon taking damage.
You are dopey. (Int -2)
You are resistant to hostile enchantments.
Your muscles are strong. (Str +2)
Potions and wands are less effective at restoring your health.


Message History

The white ugly thing stings you but does no damage.
Unknown command.
You closely miss the white ugly thing.
The white ugly thing is heavily wounded.
The white ugly thing is engulfed in roaring flames.
The white ugly thing stings you. The white ugly thing freezes you!!
You feel yourself slow down.
You closely miss the white ugly thing.
The white ugly thing is heavily wounded.
The cyan ugly thing engulfs you. The cyan ugly thing shocks you!
* * * LOW HITPOINT WARNING * * *
The white ugly thing is engulfed in roaring flames.
The white ugly thing completely misses you.
The cyan ugly thing engulfs you but does no damage.
The white ugly thing is engulfed in roaring flames.
The white ugly thing stings you!
* * * LOW HITPOINT WARNING * * *
The white ugly thing freezes you!!
You die...
Your body crumbles into a pile of gold.

##...#.#
#..##
.....#.######
###.#.##
.............
..###.#
.#.....#####
###.#.##
.###.###
#..##
.###.### #..#
.......#
###..#
.###.#.#
#mu..#
.###.#.#
#@#.##
..##.#.#
#u#.#
..##.#.#


uuR.# .....#.# #.§### .#####.# #.§# .#####.# #.§# ......). #.§# .......# #§.#
.####### You could see 4 ugly things, an efreet and the friendly Vogin the
merfolk impaler.

Vanquished Creatures
  Kirke (D:13)
  Gastronok (Lair:1)
  Maud (D:13)
  Azrael (D:14)
  A vault guard (D:13)
  The ghost of namelastname112 the Archer, a journeyman DrHu of Gozag (D:11)
  A fire dragon (Lair:8)
  Josephine (D:13)
  7 hydras
  3 rakshasas
  3 centaur warriors
  3 ogre magi (Orc:2)
  A catoblepas (D:14)
  A tengu warrior (D:11)
  Urug (D:10)
  The ghost of namelastname112 the Archer, a novice DrHu of Gozag (D:7)
  An unseen horror (D:13)
  3 hill giants
  An orc knight (Orc:1)
  An oklob plant (Lair:8)
  5 griffons
  A wolf spider zombie (D:15)
  A manticore (D:14)
  7 ugly things
  3 deep elf magi
  4 orc sorcerers (Orc:2)
  2 cyclopes
  8 elephants
  Joseph (Lair:1)
  A centaur zombie (D:9)
  The ghost of namelastname112 the Shooter, a novice DrHu of Gozag (D:4)
  A torpor snail (Lair:6)
  14 spiny frogs
  6 komodo dragons
  2 freezing wraiths
  2 kobold demonologists
  3 fire drakes
  A queen bee (Lair:1)
  A polar bear (D:10)
  2 jumping spiders (Lair:3)
  3 trolls
  14 blink frogs
  Grinder (D:4)
  2 two-headed ogres
  Prince Ribbit (Lair:3)
  2 slime creatures (D:12)
  5 redbacks (Lair:3)
  2 shadows (D:13)
  5 wraiths
  55 yaks
  A tarantella (shapeshifter) (D:15)
  A human (D:8)
  2 wyverns
  6 hippogriffs
  3 vampire mosquitoes (D:13)
  2 hungry ghosts
  5 hogs (D:13)
  3 fire elementals (D:14)
  7 wolves
  Grum (D:10)
  A mottled dragon (D:13)
  2 steam dragons (Lair:8)
  Edmund (D:5)
  11 water moccasins
  10 porcupines
  2 swamp drakes
  5 ice beasts
  2 sky beasts
  A phantom (D:6)
  2 wasps
  2 necrophages
  11 orc warriors
  A black bear (D:8)
  An eye of draining (D:14)
  11 ogres
  2 boggarts (D:14)
  22 centaurs
  11 crocodiles
  An elf zombie (D:14)
  8 big kobolds
  15 giant frogs
  3 gnoll sergeants (D:11)
  A wyvern zombie (D:13)
  A wyvern skeleton (D:9)
  A troll zombie (D:14)
  5 scorpions
  30 killer bees
  9 wights
  6 electric eels
  10 crimson imps
  3 giant frog zombies
  2 quasits
  2 human zombies (D:14)
  An iron imp (D:10)
  18 jellies
  2 centaur skeletons
  2 giant frog skeletons
  11 orc priests
  4 hounds
  29 orc wizards
  9 iguanas
  Ijyb (D:3)
  13 worker ants
  A killer bee zombie (D:5)
  10 sheep
  2 centaur simulacra (D:10)
  2 hound zombies
  2 hound skeletons
  3 gnolls (D:11)
  20 adders
  80 river rats
  4 shadow imps
  3 white imps (D:10)
  An ufetubus (D:10)
  9 oozes (Sewer)
  An adder skeleton (D:5)
  A worm (D:2)
  20 giant geckos
  73 orcs
  11 ball pythons
  19 giant cockroaches
  3 goblins
  4 hobgoblins
  11 jackals
  30 kobolds
  7 quokkas
  17 bats
  A giant gecko skeleton (D:5)
  14 giant newts
  An orc zombie (D:14)
  A quokka skeleton (D:5)
  A quokka zombie (D:7)
  7 rats
  A fungus (Lair:3)
  A plant (D:7)
867 creatures vanquished.

Vanquished Creatures (collateral kills)
  Agnes (D:14)
  3 hydras
  2 centaur warriors (D:14)
  2 death knights
  A skeletal warrior (D:14)
  A giant orange brain (D:15)
  A deep elf archer (Orc:2)
  A hill giant (D:14)
  2 ugly things (D:14)
  A griffon (D:14)
  10 orc sorcerers
  A cyclops (D:14)
  7 elephants
  A spiny frog (shapeshifter) (D:15)
  2 spiny frogs
  2 centaur skeletons
  2 freezing wraiths (D:15)
  4 komodo dragons
  A fire drake (Lair:5)
  A polar bear (shapeshifter) (D:14)
  2 trolls
  A two-headed ogre (D:14)
  A polar bear (Lair:7)
  A slime creature (D:14)
  9 blink frogs
  14 yaks
  A vampire (D:14)
  A wraith (D:14)
  A wyvern (D:14)
  2 basilisks
  A golden eye (shapeshifter) (D:15)
  2 steam dragons
  3 hippogriffs
  2 wolves (Lair:6)
  A mottled dragon (Lair:8)
  A warg (Orc:1)
  5 water moccasins
  A hell hound (D:14)
  A porcupine (Lair:7)
  A swamp drake (Lair:8)
  4 orc warriors
  2 necrophages (D:14)
  A sky beast (D:14)
  5 ogres
  2 boggarts (D:14)
  3 crocodiles
  4 giant frogs
  A wyvern zombie (D:14)
  2 killer bees (D:14)
  A wight (D:14)
  2 crimson imps
  2 human zombies (D:14)
  3 jellies (Lair:8)
  10 orc priests
  11 orc wizards
  3 iguanas
  2 worker ants
  A mummy (D:14)
  21 river rats
  An ooze (Lair:8)
  22 orcs
  3 kobolds (D:14)
  A fungus (Lair:4)
204 creatures vanquished.

Vanquished Creatures (others)
  A sphinx (D:12)
  A shadow (D:13)
  2 humans (D:13)
  A river rat (Lair:3)
  A quokka (D:7)
  A bush (D:12)
  17 fungi
  4 plants
28 creatures vanquished.

Grand Total: 1099 creatures vanquished

Notes
Turn   | Place    | Note
--------------------------------------------------------------
     0 | D:1      | namelastname112 the Draconian Hunter began the quest for the Orb.
     0 | D:1      | Reached XP level 1. HP: 17/17 MP: 1/1
   253 | D:1      | Reached XP level 2. HP: 11/25 MP: 2/2
  1058 | D:2      | Reached skill level 4 in Bows
  1192 | D:2      | Found a sparkling altar of Nemelex Xobeh.
  1351 | D:2      | Reached XP level 3. HP: 30/30 MP: 3/3
  1661 | D:2      | Found a bloodstained altar of Trog.
  1787 | D:3      | Noticed Ijyb
  1821 | D:3      | Killed Ijyb
  1821 | D:3      | Reached XP level 4. HP: 23/37 MP: 4/4
  2527 | D:3      | Found a glowing golden altar of the Shining One.
  2703 | D:3      | Reached XP level 5. HP: 45/45 MP: 5/5
  2884 | D:4      | Noticed Grinder
  2908 | D:4      | Killed Grinder
  2908 | D:4      | Reached skill level 5 in Bows
  2908 | D:4      | Reached XP level 6. HP: 35/52 MP: 6/6
  3087 | D:4      | Found a staircase to the Ecumenical Temple.
  3098 | Temple   | Entered the Ecumenical Temple
  3249 | D:4      | Found a glowing drain.
  3253 | Sewer    | Entered a sewer
  4259 | Sewer    | Reached skill level 6 in Bows
  4259 | Sewer    | Reached XP level 7. HP: 60/60 MP: 7/7
  4259 | Sewer    | Your scales start taking on a fiery red colour.
  4259 | Sewer    | Gained mutation: Your flesh is heat resistant. [Red Draconian growth]
  4358 | D:4      | Noticed namelastname112's ghost (novice DrHu)
  4381 | D:4      | Killed namelastname112's ghost
  4381 | D:4      | Reached skill level 5 in Fighting
  4858 | D:4      | Found a shadowy altar of Dithmenos.
  4995 | D:4      | Got a smoking war axe
  4996 | D:4      | Identified the cursed +0 war axe of the Rat {speed, Fragile rF+ rN+} (You found it on level 4 of the Dungeon)
  5017 | D:5      | Entered Level 5 of the Dungeon
  5086 | D:5      | Reached skill level 7 in Bows
  5086 | D:5      | Reached XP level 8. HP: 43/68 MP: 8/8
  5665 | D:5      | Found a shimmering altar of Xom.
  6005 | D:5      | Noticed Edmund
  6018 | D:5      | Killed Edmund
  6018 | D:5      | Reached skill level 5 in Dodging
  6094 | D:5      | Found an opulent altar of Gozag.
  6234 | D:5      | Became a worshipper of Gozag Ym Sagoz the Greedy
  6584 | D:6      | Found an oddly glowing altar of Pakellas.
  6868 | D:6      | Reached skill level 8 in Bows
  7353 | D:6      | You fall through a shaft!
  7388 | D:7      | Noticed namelastname112's ghost (novice DrHu)
  7401 | D:7      | Reached skill level 1 in Long Blades
  7401 | D:7      | Reached XP level 9. HP: 56/78 MP: 9/9
  7406 | D:7      | Killed namelastname112's ghost
  7466 | D:7      | Reached skill level 9 in Bows
  7527 | D:7      | Found a snail-covered altar of Cheibriados.
  8116 | D:7      | Found an ancient bone altar of Kikubaaqudgha.
  8589 | D:7      | Found a burning altar of Makhleb.
  8593 | D:7      | Found a glowing silver altar of Zin.
  8593 | D:7      | Noticed an angel
  8594 | D:7      | Noticed a balrug
  9306 | D:8      | Reached XP level 10. HP: 57/88 MP: 10/10
  9912 | D:8      | Noticed a spiny frog
  9918 | D:8      | Reached skill level 10 in Bows
  9959 | D:8      | Killed a spiny frog
  9984 | D:8      | Reached skill level 5 in Long Blades
 10148 | D:8      | Found a staircase to the Lair.
 10549 | D:8      | Found a basalt altar of Yredelemnul.
 10789 | D:9      | Found a shattered altar of Ashenzari.
 10815 | D:9      | Found Dipew's Assorted Antiques.
 10826 | D:9      | Bought a scroll labeled XIDOYFR IDIELITWO for 30 gold pieces
 11571 | D:10     | Entered Level 10 of the Dungeon
 11571 | D:10     | Noticed Grum
 11580 | D:10     | Killed Grum
 11605 | D:10     | Reached XP level 11. HP: 63/97 MP: 11/11
 11667 | D:10     | Reached skill level 11 in Bows
 11687 | D:10     | Noticed Urug
 11707 | D:10     | Killed Urug
 12371 | D:10     | Got a bloodstained flail
 12604 | D:10     | Noticed a deep elf mage
 12612 | D:10     | Killed a deep elf mage
 12619 | D:10     | Got a steaming hat
 12625 | D:10     | Identified the +0 hat "Vetaps" {Stlth+} (You found it on level 10 of the Dungeon)
 12691 | D:10     | Noticed a deep elf mage
 12697 | D:10     | Killed a deep elf mage
 13468 | D:11     | Noticed a red ugly thing
 13475 | D:11     | Killed a red ugly thing
 13522 | D:11     | Identified the +8 flail of Zeebias {crush, rC+} (You found it on level 10 of the Dungeon)
 13818 | D:11     | Found Cate's General Store.
 13864 | D:11     | Reached skill level 12 in Bows
 13869 | D:11     | Noticed namelastname112's ghost (journeyman DrHu)
 13880 | D:11     | Reached skill level 10 in Fighting
 13901 | D:11     | Killed namelastname112's ghost
 13930 | D:11     | Noticed a tengu warrior
 14391 | D:11     | Found a staircase to the Orcish Mines.
 14587 | D:11     | Reached XP level 12. HP: 86/106 MP: 12/12
 14670 | D:11     | Killed a tengu warrior
 15409 | D:11     | Noticed a four-headed hydra
 15415 | D:11     | Killed a four-headed hydra
 15674 | D:12     | Gained mutation: You are resistant to hostile enchantments. [potion of mutation]
 15674 | D:12     | Gained mutation: You have sharp fingernails. [potion of mutation]
 16270 | D:12     | Found an oddly glowing altar of Pakellas.
 16272 | D:12     | Noticed a sphinx
 16289 | D:12     | Killed a sphinx
 16606 | D:13     | Noticed a centaur warrior
 16614 | D:13     | Noticed Maud
 16620 | D:13     | Killed a centaur warrior
 16620 | D:13     | Reached skill level 13 in Bows
 16839 | D:13     | Noticed a four-headed hydra
 16843 | D:13     | Noticed Josephine
 16845 | D:13     | Killed a four-headed hydra
 17325 | D:13     | Noticed a vault guard
 17334 | D:13     | Killed a vault guard
 17914 | D:13     | Killed Josephine
 17914 | D:13     | Reached XP level 13. HP: 86/116 MP: 13/13
 18110 | D:13     | Found a gate to the Vaults.
 18530 | D:13     | Killed Maud
 18955 | D:13     | Noticed Kirke
 18971 | D:13     | Killed Kirke
 19635 | Orc:1    | Entered Level 1 of the Orcish Mines
 19818 | Lair:1   | Entered Level 1 of the Lair of Beasts
 20820 | Lair:1   | Reached skill level 14 in Bows
 20867 | Lair:1   | Noticed Gastronok
 20926 | Lair:1   | Killed Gastronok
 20926 | Lair:1   | Reached skill level 10 in Dodging
 21046 | Lair:1   | Noticed Joseph
 21062 | Lair:1   | Killed Joseph
 21359 | Lair:1   | Bought a viscous amethyst potion for 28 gold pieces
 21818 | Lair:2   | Reached skill level 10 in Long Blades
 22994 | Lair:3   | Found a hole to the Spider Nest.
 23811 | Lair:3   | Noticed Prince Ribbit
 23877 | Lair:3   | Reached XP level 14. HP: 127/127 MP: 14/14
 23898 | Lair:3   | Killed Prince Ribbit
 25072 | Lair:4   | Drew Focus: Dex increased to 18, Int decreased to 10
 25076 | Lair:4   | Lost mutation: You are resistant to hostile enchantments. [helix card]
 25077 | Lair:4   | Hired Vogin the merfolk for 307 gold.
 25573 | Lair:5   | Gained mutation: Your muscles are strong. (Str +2) [potion of mutation]
 25573 | Lair:5   | Gained mutation: Your body sometimes deteriorates upon taking damage. [potion of mutation]
 26405 | Lair:6   | Found a staircase to the Shoals.
 26813 | Lair:7   | Reached skill level 15 in Bows
 27664 | Lair:7   | Gained mutation: Potions and wands are less effective at restoring your health. [potion of mutation]
 27664 | Lair:7   | Gained mutation: You can translocate small distances at will. [potion of mutation]
 27664 | Lair:7   | Gained mutation: You are dopey. (Int -2) [potion of mutation]
 27818 | Lair:8   | Entered Level 8 of the Lair of Beasts
 27967 | Lair:8   | HP: 6/129 [eight-headed hydra (7)]
 28269 | Lair:8   | Found a staircase to the Slime Pits.
 29127 | Lair:8   | Gained mutation: You are resistant to hostile enchantments. [potion of beneficial mutation]
 30007 | Orc:1    | Found a roughly hewn altar of Beogh.
 30269 | Orc:2    | Entered Level 2 of the Orcish Mines
 30293 | Orc:2    | Found a staircase to the Elven Halls.
 30530 | Orc:2    | Found Jyckoy's Magic Scroll Emporium.
 30553 | Orc:2    | Found Zinizxao's Magic Scroll Shoppe.
 30636 | Orc:2    | Found an ancient bone altar of Kikubaaqudgha.
 30641 | Orc:2    | Paralysed by an orc sorcerer for 3 turns
 30646 | Orc:2    | Found Lipixood's Antique Weapon Shoppe.
 30684 | Orc:2    | Reached XP level 15. HP: 110/136 MP: 15/15
 30694 | Orc:2    | Found a radiant altar of Vehumet.
 30839 | Orc:2    | Found a roughly hewn altar of Beogh.
 30855 | Orc:2    | Found Piush's Book Emporium.
 32146 | D:14     | Noticed Agnes
 32152 | D:14     | Killed Agnes
 32759 | D:14     | Found a basalt altar of Yredelemnul.
 32954 | D:14     | Reached skill level 16 in Bows
 33041 | D:14     | Found a radiant altar of Vehumet.
 34119 | D:14     | Noticed Azrael
 34132 | D:14     | Killed Azrael
 34431 | D:15     | Entered Level 15 of the Dungeon
 34443 | D:15     | Found Komatu's Antique Armour Emporium.
 35124 | D:15     | Slain by a white ugly thing

Vault maps used:
D:1:      minmay_arrival_open_corners
D:2:      lemuel_doored_altar, lightli_temple_of_fire
D:3:      tso_oasis_becter, uniq_iyjb
D:4:      kennysheep_little_box, minmay_temple_entry_glassed_door,
          gup_sewer_entry_bowl, uniq_grinder
D:5:      xom_teletrap_fun, grunt_gozag_statues, first_bread, uniq_edmund
D:6:      old_forge, old_standard_altar, minmay_statues_item
D:7:      grunt_temple_overflow_order_and_chaos_2, marbit_many_paths,
          kiku_gazebo_garden_becter, serial_bayou, serial_bayou_pond_b,
          serial_bayou_shore_b, serial_bayou_pond_d, serial_bayou_lagoon_a
D:8:      nicolae_overflow_hidden_temple, dpeg_lair_monsters, grunt_pizzeria
D:9:      kennysheep_mini, serial_shops,
          nicolae_shop_temple_entry_statues_fountains, serial_bayou_pond_a,
          st_stairs_7
D:10:     serial_ice, serial_ice_n, serial_ice_m, serial_ice_g, serial_ice_h,
          serial_ice_c, serial_ice_b, serial_ice_o, hangedman_minor_magic,
          uniq_grum, uniq_urug
D:11:     kennysheep_orc_monster_closet_entryway, serial_shops, shop
D:12:     minivault_1, gammafunk_pakellas_spire_experiment
D:13:     david_vaults_5, dk_noncrumbling_3, uniq_josephine, uniq_kirke,
          uniq_maud
D:14:     minmay_ornate_pinched, basic_altar, glass_columns_a,
          lemuel_mausoleum_altar_yredelemnul, uniq_azrael, uniq_agnes
D:15:     gammafunk_enter_depths_forms, minivault_19, serial_shops,
          nicolae_shop_stone, shop, shop_fountains
Temple:   temple_island_7
Lair:1:   special_room, cheibrodos_lair_caveside_slide, uniq_joseph,
          uniq_gastronok
Lair:2:   patterned_corridor, serial_bayou_shore_b, bh_autumn_forest_stairs,
          lemuel_fruit_fields
Lair:3:   nicolae_spider_entry_tight_spaces, grunt_megastairs_4,
          serial_bayou_shore_a, uniq_prince_ribbit2
Lair:4:   grunt_megastairs_5
Lair:5:   lemuel_fruit_fields
Lair:6:   elwin_shoals_entry_rocks, grunt_megastairs_3
Lair:7:   beast_lair_carwin_large_3
Lair:8:   guppyfry_lair_end_dragon, minmay_slime_entry_jelly_boxes
Orc:1:    minmay_orc_temple_b
Orc:2:    kennysheep_orc_mage_school, nicolae_orc_sculptors_studio
Sewer:    sewer_frog_island_02

Action                   |  1- 3 |  4- 6 |  7- 9 | 10-12 | 13-15 || total
-------------------------+-------+-------+-------+-------+-------++-------
Melee: Short sword       |   147 |   327 |   180 |       |       ||   654
       Dagger            |       |       |    88 |       |       ||    88
       Double sword      |       |       |   115 |   265 |   813 ||  1193
       Shortbow          |       |       |       |     1 |       ||     1
 Fire: Shortbow          |     8 |    20 |    66 |   885 |   862 ||  1841
       Longbow           |       |       |       |       |   123 ||   123
Invok: Call Merchant     |       |       |       |       |     7 ||     7
 Abil: Breathe Fire      |       |       |     4 |    22 |    17 ||    43
Evoke: Wand              |       |     3 |     7 |     4 |     5 ||    19
       Deck              |       |       |       |       |     6 ||     6
  Use: Scroll            |       |     1 |     7 |    24 |     4 ||    36
       Potion            |       |       |       |     6 |     6 ||    12
 Stab: Sleeping          |     2 |     4 |     5 |     3 |    11 ||    25
       Distracted        |       |       |     3 |     1 |    15 ||    19
       Confused          |       |       |       |       |     2 ||     2
  Eat: Chunk             |     2 |     8 |     7 |       |       ||    17
       Beef jerky        |       |     1 |     1 |     1 |       ||     3
       Fruit             |       |       |     9 |     2 |    10 ||    21
       Pizza             |       |       |     1 |     9 |       ||    10
       Meat ration       |       |       |     1 |     2 |     5 ||     8
       Royal jelly       |       |       |       |     1 |    11 ||    12
